 Dungeon Crawl Stone Soup version 0.18.1-48-g4cf74bf (webtiles) character file.

35 Jerry the Ogre Mage (level 3, -4/36 HPs)
             Began as an Ogre Wizard on Aug 21, 2016.
             Slain by a gnoll
             ... wielding a +0 whip
              (8 damage)
             ... on level 2 of the Dungeon.
             The game lasted 00:04:36 (1989 turns).

Jerry the Ogre Mage (Ogre Wizard)                   Turns: 1989, Time: 00:04:37

Health: -4/36      AC:  3    Str: 12    XL:     3   Next: 33%
Magic:  8/8        EV:  9    Int: 18    God:
Gold:   121        SH:  0    Dex:  8    Spells: 1 memorised, 8 levels left

rFire  . . .     SeeInvis .     i - +0 club
rCold  . . .     Gourm    .     a - +0 robe
rNeg   . . .     Faith    .     (no shield)
rPois  .         Spirit   .     b - +0 hat
rElec  .         Dismiss  .     (no cloak)
rCorr  .         Reflect  .     (gloves unavailable)
SustAt .         Harm     .     (boots unavailable)
MR     .....                    (no amulet)
Stlth  +.........               (no ring)
                                (no ring)

@: flying, hasted, drained, very quick, not resistant to hostile enchantments,
very unstealthy
A: unfitting armour, tough skin 1
a: no special abilities


You were on level 2 of the Dungeon.
You were hungry.

You visited 1 branch of the dungeon, and saw 2 of its levels.

You collected 121 gold pieces.

Inventory:

Hand Weapons
 i - a +0 club (weapon)
Armour
 a - a +0 robe (worn)
 b - a +0 hat (worn)
Scrolls
 f - a scroll of remove curse {unknown}
 k - 3 scrolls of identify {unknown}
 n - 3 scrolls of teleportation {unknown}
Potions
 e - a potion of flight
 j - a potion of ambrosia {unknown}
 o - a potion of cancellation {unknown}
Books
 c - a book of Minor Magic

   Spells                             Type                      Level
   a - Magic Dart                     Conjuration                  1
   b - Blink                          Translocation                2
   c - Call Imp                       Summoning                    2
   d - Repel Missiles                 Charms/Air                   2
   e - Slow                           Hexes                        2
   f - Conjure Flame                  Conjuration/Fire             3
   g - Mephitic Cloud                 Conjuration/Poison/Air       3
Comestibles
 d - 2 bread rations
 g - a beef jerky
 l - a meat ration
 m - 4 fruits


   Skills:
 + Level 2.3(1.9) Fighting
 + Level 2.4(2.0) Maces & Flails
 - Level 1.7(1.3) Dodging
 - Level 1.5(1.1) Stealth
 - Level 3.6(3.2) Spellcasting
 - Level 0.8(0.4) Conjurations
   Level 0.6(0.1) Summonings
   Level 0.6(0.1) Translocations


You had 8 spell levels left.
You knew the following spells:

 Your Spells              Type           Power        Failure   Level  Hunger
a - Magic Dart            Conj           #...         14%         1    None


Dungeon Overview and Level Annotations

Branches:
Dungeon (2/15)

Altars:
Kikubaaqudgha
Yredelemnul


Innate Abilities, Weirdness & Mutations

You are too large for most types of armour.
You have tough skin (AC +1).


Message History

The gnoll hits you with a whip.
You closely miss the gnoll.
The gnoll is lightly wounded.
The gnoll hits you with a whip!
The gnoll hits you from afar with a halberd!
* * * LOW HITPOINT WARNING * * *
You barely miss the gnoll.
The gnoll is lightly wounded.
The gnoll barely misses you. The gnoll closely misses you.
The gnoll hits you but does no damage.
Drink which item? (? for menu, Esc to quit)
It was a potion of flight.
You feel very buoyant.
You fly up into the air.
The gnoll barely misses you. The gnoll hits you with a whip.
* * * LOW HITPOINT WARNING * * *
Drink which item? (? for menu, Esc to quit)
It was a potion of haste.
You feel yourself speed up. The gnoll hits you with a whip!
You die...

#...# #....
#...# ##.#.
#gg.# #.#.
+...+ #...
#...# #.#.
##...## ##.#.
#.....##
##....
#######g#...#
#.....
#.$..@g.#...#
#.....
#.#######...#
###..##.
##..###.#..##.
#.......#...##
#....##.#.#.#.
#.#.........##
#.......###.##
#............#
#....#######..


You could see 2 gnolls.

Vanquished Creatures
  3 giant geckos
  A ball python (D:2)
  5 bats (D:1)
  3 giant cockroaches
  2 goblins (D:1)
  3 hobgoblins (D:1)
  A jackal (D:1)
  A quokka (D:2)
  2 giant newts (D:1)
  4 kobolds
  5 rats
30 creatures vanquished.

Notes
Turn   | Place    | Note
--------------------------------------------------------------
     0 | D:1      | Jerry the Ogre Wizard began the quest for the Orb.
     0 | D:1      | Reached XP level 1. HP: 16/16 MP: 5/5
    99 | D:1      | Reached skill level 1 in Fighting
   567 | D:1      | Reached skill level 1 in Maces & Flails
   567 | D:1      | Reached XP level 2. HP: 21/27 MP: 6/6
  1285 | D:1      | Reached XP level 3. HP: 32/35 MP: 8/8
  1917 | D:2      | Found an ancient bone altar of Kikubaaqudgha.
  1918 | D:2      | Found a basalt altar of Yredelemnul.
  1989 | D:2      | Slain by a gnoll

Skill      XL: |  1  2 |
---------------+-------+-----
Fighting       | 1 2 |  2.3
Maces & Flails | 1 2 |  2.4
Dodging        | |  1.7
Stealth        | |  1.5
Spellcasting   | |  3.6
Conjurations   | |  0.8
Summonings     | |  0.6
Translocations | |  0.6

Action                   || total
-------------------------++-------
Melee: Club              ||   157
       Unarmed           ||    23
 Cast: Magic Dart        ||     9
  Use: Potion            ||     2
  Eat: Chunk             ||     2
       Fruit             ||     1
Armor: Robe              ||    89
Dodge: Dodged            ||   111
